 Dungeon Crawl Stone Soup version 0.31.0-12-g77e489cdc1 (webtiles) character file.

Game seed: 10116250153779858332

191 Killerpretzel the Changeling (level 5, -3/35 HPs)
             Began as an Octopode Shapeshifter on Mar 2, 2024.
             Slain by a sleepcap (8 damage)
             ... on level 4 of the Dungeon.
             The game lasted 00:03:07 (3031 turns).

Killerpretzel the Changeling (OpSh)                 Turns: 3031, Time: 00:03:07

Health: -3/35      AC:  1    Str: 14    XL:     5   Next: 70%
Magic:  5/5        EV: 14    Int: 12    God:
Gold:   200        SH:  0    Dex: 13    Spells: 4/4 levels left

rFire   . . .        e - +2 short sword (venom)
rCold   . . .        (no shield)
rNeg    . . .        (helmet currently unavailable)
rPois   .            (no amulet)
rElec   .            (no ring)
rCorr   .            (no ring)
SInv    .            (no ring)
Will    .....        (no ring)
Stlth   ++           (no ring)
HPRegen 0.25/turn    (no ring)
MPRegen 0.09/turn    (no ring)
                     (no ring)

%: no passive effects
@: beast-form
A: beast (slay +2), almost no armour, amphibious, 8 rings, camouflage 1,
gelatinous body 1, (nimble swimmer 1), tentacles
a: Begin Untransformation


You were on level 4 of the Dungeon.
You were a hulking beast.
You visited 1 branch of the dungeon, and saw 4 of its levels.

You collected 200 gold pieces.

Inventory:

Hand Weapons
 e - a +2 short sword of venom (weapon)
Missiles
 g - 4 javelins (quivered)
Talismans
 b - a beast talisman
 c - a flux talisman
Scrolls
 k - a scroll of revelation
Potions
 a - 2 potions of lignification
 d - a potion of enlightenment {unknown}
 f - a potion of resistance {unknown}
 h - a potion of haste {unknown}
 i - a potion of mutation {unknown}
 j - 3 potions of ambrosia
 l - a potion of curing {unknown}


   Skills:
 + Level 2.4 Fighting
 + Level 3.1 Dodging
 + Level 3.8 Unarmed Combat
 * Level 4.3 Shapeshifting


You had 4 spell levels left.
You didn't know any spells.
Your spell library contained the following spells:

 Spells                   Type           Power      Damage    Failure   Level
 Slow                     Hex            0%         N/A       32%         1
 Confusing Touch          Hex            0%         N/A       69%         3
 Sigil of Binding         Hex            0%         N/A       69%         3
 Vampiric Draining        Necr           0%         2d6       69%         3


Dungeon Overview and Level Annotations

Branches:
Dungeon (4/15)
 Temple: D:4-7

Altars:
Sif Muna


Innate Abilities, Weirdness & Mutations

You are a hulking beast.
Your limbs bulge with bestial killing power. (Slay +2)
You cannot wear most types of armour.
You are amphibious.
You can wear up to eight rings at the same time.
Your skin changes colour to match your surroundings (Stealth+).
Your rubbery body absorbs attacks. (AC +1, EV +1)
((You are camouflaged when in or above water. (Stealth+)))
You have tentacles for arms and can constrict up to eight enemies at once.


Message History

No target in view!
No target in view!
No target in view!
No target in view!
No target in view!
No target in view!
No target in view!
No target in view!
A hobgoblin comes into view.
The helpless hobgoblin fails to defend itself.
You puncture the hobgoblin!
You kill the hobgoblin!
No target in view!
No target in view!
No target in view!
No target in view!
No target in view!
No target in view!
No target in view!
No target in view!
No target in view!
No target in view!
The sleepcap releases spores at you!
A ball python comes into view.
The ball python hisses angrily.
You hit the sleepcap.
The sleepcap is poisoned.
You grab the sleepcap.
The sleepcap is lightly damaged.
You constrict the sleepcap. The sleepcap releases spores at you!
You are engulfed in a cloud of soporific spores!
You fall asleep.
You lose your grip on the sleepcap.
The sleepcap releases spores at you!
You wake up.
* * * LOW HITPOINT WARNING * * *
You hit the sleepcap. You grab the sleepcap. You squeeze the sleepcap!
The sleepcap is severely damaged.
You constrict the sleepcap. The sleepcap completely misses you.
You hit the sleepcap but do no damage.
The sleepcap is severely damaged.
You constrict the sleepcap, but do no damage.
The sleepcap releases spores at you!
You die...

##.............#
###########.............
.[...............#.#.####
.........................
########..#......###..###
#................#
#..######.######.#
#..<........ .#
#h#..####.## #.#
#..f.#..# #.# #.#
#........# #. #.#
#.......S.# #.#
#........... #..
..........#.## #..
####.......#... #.#
...###### .. #.< ##.


You could see a sleepcap (poisoned) and a ball python.

Vanquished Creatures
  A jelly (D:3)
  An iguana (D:4)
  Natasha (thrice) (D:3)
  An adder (D:2)
  5 bats
  3 endoplasms (D:1)
  A giant cockroach (D:1)
  7 hobgoblins
  4 jackals
  4 quokkas
  4 ball pythons
  5 frilled lizards
  4 goblins (D:1)
  5 kobolds
  5 rats
53 creatures vanquished.

Notes
Turn   | Place    | Note
-------+----------+-------------------------------------------
     0 | D:1      | Killerpretzel the Octopode Shapeshifter began the quest for
                  | the Orb.
     0 | D:1      | Reached XP level 1. HP: 13/13 MP: 1/1
    93 | D:1      | Reached XP level 2. HP: 18/18 MP: 2/2
   367 | D:1      | Reached XP level 3. HP: 23/23 MP: 3/3
  2198 | D:3      | Found a shimmering blue altar of Sif Muna.
  2256 | D:3      | Noticed Natasha
  2261 | D:3      | Killed Natasha
  2262 | D:3      | Reached XP level 4. HP: 18/29 MP: 4/4
  2459 | D:3      | Reached skill level 4 in Shapeshifting
  2551 | D:3      | Noticed Natasha
  2557 | D:3      | Killed Natasha
  2558 | D:3      | Reached XP level 5. HP: 21/34 MP: 5/5
  2799 | D:3      | Noticed Natasha
  2808 | D:3      | Killed Natasha
  3031 | D:4      | Slain by a sleepcap

Illustrated notes

Levels and vault maps discovered:
D:1:      dpeg_arrival_arbitrary_a, layout_rooms, hangedman_decor_points
D:2:      layout_basic, chequers_serial_rivers_micro_a
D:3:      layout_basic, mainiacjoe_overflow_small_starburst, uniq_natasha
D:4:      kennysheep_kobold_camp, layout_basic, uniq_sigmund

Skill      XL: |  1  2  3  4  5 |
---------------+----------------+-----
Fighting       | 2 |  2.4
Shapeshifting  | 4 |  4.3
Dodging        | 3 |  3.1
Unarmed Combat | |  3.8

Action                     |  1- 3 |  4- 6 || total
---------------------------+-------+-------++-------
  Melee: Unarmed           |    51 |       ||    51
         Constrict         |    23 |     6 ||    29
         Tentacles         |    10 |     7 ||    17
         Punch             |     5 |       ||     5
         Short sword       |    23 |    21 ||    44
    Use: Scroll            |     4 |     1 ||     5
   Stab: Sleeping          |     7 |     4 ||    11
 Armour: Skin              |    31 |    14 ||    45
  Dodge: Dodged            |    34 |     7 ||    41
